Match 25084983
Unlisted

Match 25084983
End
Construct Infanterie Kompanie
Selects Mechanized Battlegroup
Grenadier Squad
Grenadier Squad
MG 42 Machine Gun Team
Construct Panzergrenadier Kompanie
251 Medium Carrier
Support Elements
Selects Raid Package
Nebelwerfer 42 Rocket Launcher Team
Nebelwerfer 42 Rocket Launcher Team
MG 42 Bunker
Panzergrenadier Officer Quarters
Pak 40 Anti-tank Gun Team
Construct Panzer Kompanie
Selects StuG Assault Group
StuG Assault Group
Selects Mobile Repair Stations
Side Skirts
Infanterie Officer Quarters
Construct Luftwaffe Kompanie
Medical Station
Panzer Officer Quarters
Repair Bunker
Selects UNKNOWN (2160084)
Panther Heavy Tank
Selects Wespe Self-propelled Artillery
Selects Zeroing Artillery Barrage
Zeroing Artillery Barrage
Pioneer Squad
Panther Heavy Tank
Wirbelwind Flakpanzer
Wirbelwind Flakpanzer
Zeroing Artillery Barrage
Pak 40 Anti-tank Gun Team
Luftwaffe Officer Quarters
Pak 40 Anti-tank Gun Team
Wirbelwind Flakpanzer
Pak 40 Anti-tank Gun Team
Nithralder
TheWishbone
Espartero
Grinch
皮皮
YangXYZ
BloodSpark
Cons01
0
0

Comments sign in to comment!

No comments posted yet!